 Dungeon Crawl Stone Soup version 0.22-a0-467-g5c5de1c (webtiles) character file.

1138 Espgualade the Ducker (level 8, -4/49 HPs)
             Began as a Tengu Ice Elementalist on June 10, 2018.
             Slain by an ogre
             ... wielding a cursed -3 giant spiked club
              (30 damage)
             ... on level 5 of the Dungeon.
             The game lasted 00:14:25 (5123 turns).

Espgualade the Ducker (Tengu Ice Elementalist)      Turns: 5123, Time: 00:14:25

Health: -4/49      AC:  3    Str:  8    XL:     8   Next: 37%
Magic:  3/14       EV: 15    Int: 18    God:
Gold:   296        SH:  3    Dex: 15    Spells: 4/14 levels left

rFire    . . .     SeeInvis .   n - +1 dagger (speed)
rCold    . . .     Gourm    .   f - +0 buckler
rNeg     + . .     Faith    .   a - +1 robe
rPois    .         Spirit   .   (helmet restricted)
rElec    .         Reflect  .   (no cloak)
rCorr    .         Harm     .   (no gloves)
MR       .....                  (boots unavailable)
Stlth    +++.......             (no amulet)
HPRegen  0.16/turn              d - ring of flight
MPRegen  0.14/turn              l - ring of positive energy

@: very slightly contaminated
A: beak, talons 3, able to fly 1
a: Fly, Evoke Flight


You were on level 5 of the Dungeon.
You were not hungry.

You visited 1 branch of the dungeon, and saw 5 of its levels.

You collected 296 gold pieces.

Inventory:

Hand Weapons
 b - a +2 short sword of freezing
 h - a +4 dagger
 j - a +1 falchion of slicing
 n - a +1 dagger of speed (weapon)
 o - a +0 dagger of venom
Armour
 a - a +1 robe (worn)
 f - a +0 buckler (worn)
Jewellery
 d - a ring of flight (left hand)
 l - a ring of positive energy (right hand)
Wands
 m - a wand of random effects (16)
Scrolls
 e - a scroll of identify
 i - 2 scrolls of remove curse
 k - a scroll of amnesia
 p - a scroll of teleportation
 q - a scroll of fear {unknown}
Potions
 g - a potion of resistance
 r - a potion of curing
Comestibles
 c - 7 rations


   Skills:
 - Level 5.0 Fighting
 - Level 0.4 Throwing
 - Level 6.1 Dodging
 - Level 5.6 Stealth
 + Level 3.9 Spellcasting
 - Level 1.3 Conjurations
 - Level 2.6 Ice Magic


You had 4 spell levels left.
You knew the following spells:

 Your Spells              Type           Power        Failure   Level  Hunger
a - Freeze                Ice            ##..         9%          1    None
b - Throw Frost           Conj/Ice       ##....       16%         2    ##.....
c - Ozocubu's Armour      Chrm/Ice       #.......     41%         3    ###....
d - Throw Icicle          Conj/Ice       ##......     71%         4    ####...

Your spell library contained the following spells:

 Spells                   Type           Power        Failure   Level  Hunger
 Summon Ice Beast         Ice/Summ       #.......     82%         4    ####...


Dungeon Overview and Level Annotations

Branches:
Dungeon (5/15)
 Temple: D:4-7

Altars:
Makhleb
Qazlal
Uskayaw
Wu Jian

Shops:
D:4 %=?**


Innate Abilities, Weirdness & Mutations

You have a beak for a mouth.
You have claws for feet.
You can fly.


Message History

Casting: Freeze (safe; 9% risk of failure)
Confirm with . or Enter, or press ? or * to list all spells.
Aiming: Freeze (safe; 9% risk of failure)
Press: ? - help, Shift-Dir - straight line, f/p - ogre
Aim: an ogre, wielding a giant spiked club (severely wounded)
You freeze the ogre.
The ogre is almost dead.
The ogre hits you with a giant spiked club!!
The crimson imp blinks!
Casting: Freeze (safe; 9% risk of failure)
Confirm with . or Enter, or press ? or * to list all spells.
Aiming: Freeze (safe; 9% risk of failure)
Press: ? - help, Shift-Dir - straight line, f/p - ogre
Aim: an ogre, wielding a giant spiked club (almost dead)
You miscast Freeze.
You are very lightly contaminated with residual magic.
A chill runs through your body.
The ogre hits you with a giant spiked club!!
Ouch! That really hurt!
You die...

####...## #..O......# #.
##.......# #.........# #.
#..#.#.#.# #.#.#.....#
#.##......#.####....5..###
#>....#.#.....O..#.#.....$.
##........#.#.##5....######
#.....................##
#.........#########......
#...........§O@<....#.###
#.........5..#.#.####...
##########.#.#.....# ####
#########.#.#...#.#
#.........#.......#
#.#########..#...### .
#.#.......#........# ..
#.(..####.#......#.# #####
... ######
#.##.....#.###...#....


You could see an ogre and a crimson imp.

Vanquished Creatures
  Grinder (D:3)
  3 water moccasins (D:4)
  A sky beast (D:4)
  A scorpion (D:5)
  A howler monkey (D:4)
  An orc priest (D:3)
  A jelly (D:5)
  An orc wizard (D:4)
  2 centaur skeletons (D:4)
  An iguana (D:4)
  Jessica (D:2)
  Ijyb (D:3)
  Terence (D:2)
  3 worker ants (D:4)
  Robin (D:2)
  2 adders (D:3)
  An ooze (D:1)
  A worm (D:3)
  3 dart slugs (D:1)
  2 leopard geckos (D:1)
  8 orcs
  A giant cockroach (D:1)
  14 goblins
  9 hobgoblins
  2 jackals (D:4)
  5 kobolds
  A quokka (D:4)
  4 ball pythons
  5 bats
  A leopard gecko skeleton (D:4)
  4 rats
83 creatures vanquished.

Notes
Turn   | Place    | Note
-------+----------+-------------------------------------------
     0 | D:1      | Espgualade the Tengu Ice Elementalist began the quest for the Orb.
     0 | D:1      | Reached XP level 1. HP: 10/10 MP: 4/4
    84 | D:1      | Reached skill level 1 in Fighting
   178 | D:1      | Reached XP level 2. HP: 7/16 MP: 4/6
   644 | D:1      | Reached XP level 3. HP: 13/22 MP: 7/7
  1339 | D:2      | Noticed Robin
  1422 | D:3      | Noticed a dagger
  1422 | D:3      | Noticed a dagger
  1590 | D:3      | Found a hide-covered altar of Uskayaw.
  1613 | D:3      | Reached XP level 4. HP: 12/28 MP: 8/8
  1808 | D:3      | Noticed Grinder
  2542 | D:3      | Noticed Ijyb
  2602 | D:3      | Killed Ijyb
  2602 | D:3      | Gained mutation: You can fly. [Tengu growth]
  2602 | D:3      | Reached XP level 5. HP: 24/34 MP: 3/9
  2723 | D:3      | Reached skill level 5 in Fighting
  3094 | D:2      | Killed Robin
  3155 | D:2      | Noticed Terence
  3177 | D:2      | Killed Terence
  3209 | D:2      | Noticed Jessica
  3211 | D:2      | Found a stormy altar of Qazlal.
  3217 | D:2      | Killed Jessica
  3217 | D:2      | Reached XP level 6. HP: 33/40 MP: 7/10
  3695 | D:3      | Paralysed by Grinder for 4 turns
  3703 | D:3      | Killed Grinder
  3703 | D:3      | Reached skill level 4 in Dodging
  3703 | D:3      | Reached XP level 7. HP: 39/44 MP: 11/11
  3765 | D:3      | Found an ornate altar of the Wu Jian Council.
  3773 | D:3      | Found a burning altar of Makhleb.
  3867 | D:4      | Found Nyane's Magic Scroll Emporium.
  3911 | D:4      | Found Ykkirphya's Serpentskin Sales.
  3922 | D:4      | Reached skill level 5 in Dodging
  3922 | D:4      | Reached skill level 5 in Stealth
  4450 | D:4      | Found Inyawnul's General Store.
  4459 | D:4      | Reached XP level 8. HP: 41/49 MP: 12/12
  4463 | D:4      | Learned a level 2 spell: Throw Frost
  4467 | D:4      | Learned a level 3 spell: Ozocubu's Armour
  4472 | D:4      | Learned a level 4 spell: Throw Icicle
  4544 | D:4      | Found Ybylidgh's Jewellery Shop.
  4671 | D:4      | Reached skill level 6 in Dodging
  4761 | D:4      | Found Yfav's Food Shoppe.
  4977 | D:5      | Entered Level 5 of the Dungeon
  5123 | D:5      | Slain by an ogre

Vault maps used:
D:1:      dpeg_cavernosity
D:2:      lemuel_doored_altar, uniq_jessica, uniq_terence, uniq_robin
D:3:      dancing_weapons_uskayaw, minitemple, roderic_lattice_a, uniq_ijyb,
          uniq_grinder
D:4:      first_ration, serial_shops, kennysheep_mini_moat,
          nicolae_shop_statue_plus, shop_statue, nicolae_shop_trees,
          guppyfry_shop_venom
D:5:      serial_glass, glass_columns_c, glass_columns_a, glass_columns_a,
          glass_columns_b, glass_columns_c, glass_columns_c, glass_columns_a,
          glass_columns_a, glass_columns_a, glass_columns_a, glass_columns_a,
          glass_columns_a, glass_columns_b, glass_columns_a, uniq_eustachio

Skill      XL: |  1  2  3  4  5  6  7  8 |
---------------+-------------------------+-----
Fighting       | 1 2 3 4 5 |  5.0
Dodging        | 4 5 6 |  6.1
Stealth        | 4 5 |  5.6
Spellcasting   | 3 |  3.9
Throwing       | |  0.4
Conjurations   | |  1.3
Ice Magic      | |  2.6

Action                   |  1- 3 |  4- 6 |  7- 9 || total
-------------------------+-------+-------+-------++-------
Melee: Unarmed           |    18 |       |       ||    18
       Kick              |    18 |    13 |    18 ||    49
       Peck              |     8 |     7 |    18 ||    33
       Short sword       |    70 |    49 |       ||   119
       Dagger            |       |    12 |    73 ||    85
 Cast: Freeze            |    17 |    25 |    16 ||    58
       Throw Frost       |       |       |     3 ||     3
       Ozocubu's Armour  |       |       |     1 ||     1
  Use: Scroll            |     2 |     5 |     1 ||     8
       Potion            |     2 |     4 |     1 ||     7
 Stab: Sleeping          |     4 |     2 |     8 ||    14
  Eat: Chunk             |     2 |     7 |     2 ||    11
       Ration            |       |       |     1 ||     1
Armor: Robe              |    26 |    10 |     8 ||    44
Dodge: Dodged            |    64 |    40 |    33 ||   137
Block: Buckler           |       |    11 |     7 ||    18

Table legend:
 A = Spawn XP
 B = Non-spawn XP
 C = Spawn XP percentage of total XP
 D = Spawn monster count
 E = Non-spawn monster count
 F = Spawn count percentage of total count
 G = Total turns spent on level
                    A         B        C        D         E        F      G
               +---------+---------+-------+---------+---------+-------+---------
         Total |       0 |    1627 |   0.0 |       0 |      83 |   0.0 |  5123
               +---------+---------+-------+---------+---------+-------+---------
           D:1 |       0 |      60 |   0.0 |       0 |      26 |   0.0 |  1211
           D:2 |       0 |     111 |   0.0 |       0 |      19 |   0.0 |   677
           D:3 |       0 |     432 |   0.0 |       0 |      13 |   0.0 |  1718
           D:4 |       0 |     912 |   0.0 |       0 |      22 |   0.0 |  1371
           D:5 |       0 |     112 |   0.0 |       0 |       3 |   0.0 |   146
               +---------+---------+-------+---------+---------+-------+---------
